 Dungeon Crawl Stone Soup version 0.25-a0-731-g0472a16d6a (webtiles) character file.

Game seed: 5167026922059822848, levelgen mode: deterministic

475 Amnesiac the Chiller (level 6, -6/32 HPs)
             Began as a Deep Elf Ice Elementalist on Apr 8, 2020.
             Killed from afar by an orc wizard (8 damage)
             ... with a magic dart
             ... on level 5 of the Dungeon.
             The game lasted 00:03:47 (1336 turns).

Amnesiac the Chiller (Deep Elf Ice Elementalist)    Turns: 1336, Time: 00:03:48

Health: -6/32      AC:  4    Str:  5    XL:     6   Next: 84%
Magic:  11/17      EV: 13    Int: 22    God:
Gold:   103        SH:  0    Dex: 15    Spells: 10/17 levels left

rFire    . . .     SeeInvis .   g - +2 hand axe (flame)
rCold    . . .     Gourm    .   (no shield)
rNeg     . . .     Faith    .   a - +0 robe
rPois    .         Spirit   .   j - +0 helmet
rElec    .         Reflect  .   (no cloak)
rCorr    .         Harm     .   (no gloves)
MR       .....                  e - +0 pair of boots
Stlth    ++........             f - amulet of magic regeneration
HPRegen  0.10/turn              (no ring)
MPRegen  0.40/turn              (no ring)

@: berserk cooldown, flying, very slightly contaminated, slowed, very slow
A: no striking features
a: no special abilities


You were on level 5 of the Dungeon.
You were not hungry.

You visited 1 branch of the dungeon, and saw 5 of its levels.
You also visited: Sewer.

You collected 103 gold pieces.

Inventory:

Hand Weapons
 g - a +2 hand axe of flaming (weapon)
Armour
 a - a +0 robe (worn)
 e - a +0 pair of boots (worn)
 j - a +0 helmet (worn)
Jewellery
 f - an amulet of magic regeneration (around neck)
 i - an uncursed amulet of the acrobat
Scrolls
 l - 2 scrolls of blinking {!r, unknown}
Comestibles
 c - 4 rations


   Skills:
 - Level 2.4 Dodging
 - Level 2.4 Stealth
 + Level 6.1 Spellcasting
 * Level 7.8 Ice Magic


You had 10 spell levels left.
You knew the following spells:

 Your Spells              Type           Power        Failure   Level  Hunger
a - Freeze                Ice            ####         1%          1    None
b - Frozen Ramparts       Ice            #####.       1%          3    #......
z - Ozocubu's Armour      Chrm/Ice       ###.....     5%          3    #......

Your spell library contained the following spells:

 Spells                   Type           Power        Failure   Level  Hunger
 Hailstorm                Conj/Ice       ###.....     19%         4    ###....
 Summon Ice Beast         Ice/Summ       ###.....     19%         4    ###....


Dungeon Overview and Level Annotations

Branches:
Dungeon (5/15)              Sewer (visited)
 Temple: D:4-7

Altars:
Ashenzari
Okawaru

Shops:
D:5 %

Annotations:
D:3 1 transporter


Message History

It was a potion of berserk rage {!q}.
A red film seems to cover your vision as you go berserk!
You feel yourself moving faster!
You feel mighty! The hound skeleton barely misses you.
The orc closely misses you.
The hound skeleton bites you but does no damage.
Something hits you but does no damage.
You slash something! You burn something.
Reactivating autopickup.
You feel a bit more experienced.
You slash the hound skeleton! You burn the hound skeleton.
You hit the orc but do no damage.
An adder comes into view.
You hit the orc. You burn the orc.
You kill the orc!
You hit the orc. You burn the orc.
You kill the orc!
You slash the hound skeleton! You burn the hound skeleton.
The adder hisses angrily.
The hound skeleton bites you.
* * * LOW HITPOINT WARNING * * *
You slash the hound skeleton! You burn the hound skeleton.
You destroy the hound skeleton!
The adder hisses angrily.
The orc wizard gestures at something while chanting.
The adder hisses angrily.
An orc comes into view. It is wielding a +0 hand axe.
You are too berserk!
You feel a strong urge to attack something.
The orc shouts!
The adder hisses angrily.
You hear a shout!
You are no longer berserk.
You are exhausted.
You feel yourself slow down.
The adder hisses angrily.
An orc comes into view. It is wielding a +0 dagger.
You flicker for a moment.
Casting: Freeze (safe; 1% risk of failure)
Confirm with . or Enter, or press ? or * to list all spells.
You miscast Frozen Ramparts.
Frost covers your body.
The adder hisses angrily. x2
The adder barely misses you.
Casting: Frozen Ramparts (safe; 1% risk of failure)
Confirm with . or Enter, or press ? or * to list all spells.
Aiming: Freeze (safe; 1% risk of failure)
Press: ? - help, Shift-Dir - straight line, f - adder
Aim: an adder You freeze the adder!
The adder is severely wounded.
The adder seems to slow down.
The adder closely misses you.
Unknown command.
Unknown command.
Casting: Freeze (safe; 1% risk of failure)
Confirm with . or Enter, or press ? or * to list all spells.
Aiming: Freeze (safe; 1% risk of failure)
Press: ? - help, Shift-Dir - straight line, f/p - adder
Aim: an adder (severely wounded, slow)
You freeze the adder!
You kill the adder!
The orc wizard barely misses you. The orc misses you.
The orc wizard barely misses you.
Unknown command.
Unknown command.
You flicker back into view.
The orc wizard gestures at you while chanting.
The magic dart hits you!
You die...

###.........###
#.
...............
######.
#............
#....(.
#........#
#.####.
#...).∩..+ #.
####).o..#+# #.
#...o...# #.
#)).o†.## #.
#...@o.# #.
######## #.


You could see an orc wizard and 3 orcs.

Vanquished Creatures
  A sky beast (D:5)
  A centaur (D:5)
  A crocodile (Sewer)
  2 orc priests (D:3)
  2 orc wizards (D:5)
  A worker ant (D:4)
  A hound skeleton (D:5)
  3 adders
  2 worms
  A leopard gecko (D:2)
  12 orcs
  2 ball pythons (D:3)
  6 bats
  5 giant cockroaches
  A goblin (D:3)
  3 hobgoblins (D:1)
  4 kobolds
  A quokka zombie (D:3)
  5 rats (D:3)
54 creatures vanquished.

Notes
Turn   | Place    | Note
-------+----------+-------------------------------------------
     0 | D:1      | Amnesiac the Deep Elf Ice Elementalist began the quest for
                  | the Orb.
     0 | D:1      | Reached XP level 1. HP: 10/10 MP: 6/6
    67 | D:1      | Reached XP level 2. HP: 13/15 MP: 1/8
   287 | D:2      | Reached skill level 5 in Ice Magic
   342 | D:3      | Found a glowing drain.
   353 | D:3      | Reached XP level 3. HP: 8/19 MP: 3/10
   362 | Sewer    | Entered a sewer
   585 | Sewer    | Learned a level 3 spell: Frozen Ramparts
   589 | Sewer    | Learned a level 3 spell: Ozocubu's Armour
   608 | Sewer    | Noticed a crocodile
   621 | Sewer    | Killed a crocodile
   621 | Sewer    | Reached skill level 6 in Ice Magic
   621 | Sewer    | Reached XP level 4. HP: 23/24 MP: 5/12
   872 | D:3      | Noticed a centaur
   873 | D:3      | Found a shattered altar of Ashenzari.
   873 | D:3      | Found a transporter.
   883 | D:3      | Reached XP level 5. HP: 26/28 MP: 11/14
   901 | D:3      | Reached skill level 5 in Spellcasting
   973 | D:3      | Found an iron altar of Okawaru.
  1288 | D:4      | Found a shattered altar of Ashenzari.
  1313 | D:5      | Entered Level 5 of the Dungeon
  1313 | D:5      | Found Exirul's Food Boutique.
  1313 | D:5      | Noticed a centaur
  1314 | D:5      | Noticed a sky beast
  1315 | D:5      | Killed a centaur
  1315 | D:5      | Reached skill level 7 in Ice Magic
  1315 | D:5      | Reached XP level 6. HP: 18/32 MP: 11/16
  1321 | D:5      | Killed a sky beast
  1327 | D:5      | HP: 2/48 [hound skeleton (4)]
  1336 | D:5      | Killed from afar by an orc wizard

Levels and vault maps discovered:
D:1:      wheals_arrival_shading, layout_rooms
D:2:      layout_basic, old_standard_altar, kennysheep_slug_shrine
D:3:      layout_rooms, lemuel_doored_altar, gammafunk_temple_overflow_arena,
          portal_sewer_entry_b
D:4:      layout_basic, evilmike_ruin_ashenzari, uniq_sigmund
D:5:      layout_basic, first_ration, serial_shops, kennysheep_little_box, shop,
          shop, nicolae_shop_behind_doors, uniq_blork_the_orc

Skill      XL: |  1  2  3  4  5  6 |
---------------+-------------------+-----
Ice Magic      | 5 6 7 |  7.8
Spellcasting   | 4 5 6 |  6.1
Dodging        | |  2.4
Stealth        | |  2.4

Action                   |  1- 3 |  4- 6 || total
-------------------------+-------+-------++-------
Melee: Unarmed           |     1 |     5 ||     6
       Hand axe          |       |     4 ||     4
 Cast: Freeze            |    37 |    35 ||    72
       Frozen Ramparts   |     1 |     4 ||     5
  Use: Scroll            |     1 |     1 ||     2
       Potion            |       |     3 ||     3
  Eat: Chunk             |       |     1 ||     1
Armor: Robe              |    11 |    11 ||    22
Dodge: Dodged            |    35 |    31 ||    66

Table legend:
 A = Non-vault XP
 B = Vault XP
 C = Vault XP percentage of total XP
 D = Non-vault monster count
 E = Vault monster count
 F = Vault count percentage of total count
                 A         B        C        D         E       F
            +---------+---------+-------+---------+---------+-------
      Total |     549 |     130 |  19.1 |      40 |      14 |  25.9
            +---------+---------+-------+---------+---------+-------
        D:1 |      12 |       0 |   0.0 |       7 |       0 |   0.0
        D:2 |      21 |       0 |   0.0 |       3 |       0 |   0.0
        D:3 |     127 |      12 |   8.6 |      19 |       8 |  29.6
        D:4 |      46 |       0 |   0.0 |       2 |       0 |   0.0
        D:5 |     343 |       0 |   0.0 |       9 |       0 |   0.0
      Sewer |       0 |     118 | 100.0 |       0 |       6 | 100.0
            +---------+---------+-------+---------+---------+-------
